 Dungeon Crawl Stone Soup version 0.27.1-3-gb3d3a73c9e (webtiles) character file.

Game seed: 6511987369409624373

480 Urokeeper the Poker (level 7, -2/50 HPs)
             Began as a Human Brigand on Oct 11, 2021.
             Slain by a hornet zombie (9 damage)
             ... on level 5 of the Dungeon.
             The game lasted 00:13:01 (3531 turns).

Urokeeper the Poker (Human Brigand)                 Turns: 3531, Time: 00:13:02

Health: -2/50      AC: 11    Str: 13    XL:     7   Next: 34%
Magic:  7/7        EV: 10    Int: 11    God:
Gold:   160        SH:  0    Dex: 15    Spells: 6/6 levels left

rFire    . . .     SeeInvis .   h - +1 spear (freeze)
rCold    . . .     Faith    .   (no shield)
rNeg     . . .     Spirit   .   n - +4 ring mail
rPois    .         Reflect  .   (no helmet)
rElec    .         Harm     .   c - +0 cloak
rCorr    .         Rampage  .   (no gloves)
Will     .....                  l - +0 pair of boots
Stlth    ++........             (no amulet)
HPRegen  0.16/turn              (no ring)
MPRegen  0.10/turn              (no ring)

@: no status effects
A: no striking features
a: no special abilities


You were on level 5 of the Dungeon.
You visited 1 branch of the dungeon, and saw 6 of its levels.

You collected 160 gold pieces.

Inventory:

Hand Weapons
 a - a +2 dagger
 h - a +1 spear of freezing (weapon)
Missiles
 d - 29 poisoned darts
 e - a curare-tipped dart (quivered)
Armour
 b - a +0 robe
 c - a +0 cloak (worn)
 i - a +0 leather armour
 l - a +0 pair of boots (worn)
 n - a +4 ring mail (worn)
Scrolls
 f - a scroll of amnesia
 j - a scroll of identify
 k - a scroll of holy word
 m - a scroll of fog {unknown}
 r - a scroll of vulnerability {unknown}
 s - a scroll of teleportation {unknown}
Potions
 g - 2 potions of curing {unknown}
 o - a potion of flight
 p - 2 potions of lignification {unknown}
 q - a potion of magic {unknown}
 t - a potion of degeneration {unknown}


   Skills:
 - Level 2.0 Fighting
 - Level 3.0 Short Blades
 * Level 6.7 Polearms
 - Level 2.0 Throwing
 - Level 1.0 Dodging
 - Level 4.0 Stealth


You had 6 spell levels left.
You didn't know any spells.
Your spell library contained the following spells:

 Spells                   Type           Power      Damage    Failure   Level
 Sublimation of Blood     Necr           0%         N/A       75%         2
 Wereblood                Tmut           0%         N/A       75%         2
 Summon Hydra             Summ           0%         N/A       100%        7


Dungeon Overview and Level Annotations

Branches:
Dungeon (6/15)
 Temple: D:4-7

Altars:
Cheibriados

Annotations:
D:4 Pikel


Message History

Press: ? - help, Q - select action, (/) - cycle Shift-Dir - straight line, f/p - hornet zombie
Aim: a hornet zombie (moderately damaged, 64% to hit)
You throw a curare-tipped dart.
The curare-tipped dart completely misses the hornet zombie.
The hornet zombie hits you! The hornet zombie barely misses you.
Throw: 3 darts (curare)
Press: ? - help, Q - select action, (/) - cycle Shift-Dir - straight line, f/p - hornet zombie
Aim: a hornet zombie (moderately damaged, 64% to hit)
You throw a curare-tipped dart.
The curare-tipped dart closely misses the hornet zombie.
The hornet zombie hits you.
* * * LOW HITPOINT WARNING * * *
Throw: 2 darts (curare)
Press: ? - help, Q - select action, (/) - cycle Shift-Dir - straight line, f/p - hornet zombie
Aim: a hornet zombie (moderately damaged, 64% to hit)
You throw a curare-tipped dart.
The curare-tipped dart hits the hornet zombie.
The hornet zombie is moderately damaged.
The hornet zombie hits you but does no damage.
You hit the hornet zombie but do no damage.
The hornet zombie is moderately damaged.
The hornet zombie hits you but does no damage.
You hit the hornet zombie.
The hornet zombie is heavily damaged.
The hornet zombie barely misses you.
You barely miss the hornet zombie.
The hornet zombie is heavily damaged.
The hornet zombie hits you but does no damage.
You hit the hornet zombie.
The hornet zombie is heavily damaged.
The hornet zombie hits you.
* * * LOW HITPOINT WARNING * * *
You closely miss the hornet zombie.
The hornet zombie is heavily damaged.
The hornet zombie hits you.
* * * LOW HITPOINT WARNING * * *
You hit the hornet zombie.
The hornet zombie is heavily damaged.
The hornet zombie hits you!
You die...

...##. .. ......
.. ..... #.
....###Z #.....
#.... #...###
#.....### ####
#(...Z@.#####..##
#######.........##
###...####.###
##### ##..# ##.#
#.# ##.# #..# #..#


You could see a hornet zombie.

Vanquished Creatures
  A black bear (D:5)
  3 ogres (D:5)
  2 lemures (D:5)
  A jelly (D:4)
  A hound zombie (D:5)
  An adder (D:4)
  An ufetubus (D:5)
  A worm (D:3)
  A dart slug (D:4)
  2 orcs
  3 ball pythons
  5 endoplasms
  3 giant cockroaches
  A goblin (D:1)
  10 hobgoblins
  3 jackals
  4 kobolds
  3 quokkas (D:1)
  9 bats
  4 frilled lizards
  7 rats
66 creatures vanquished.

Notes
Turn   | Place    | Note
-------+----------+-------------------------------------------
     0 | D:1      | Urokeeper the Human Brigand began the quest for the Orb.
     0 | D:1      | Reached XP level 1. HP: 16/16 MP: 1/1
   232 | D:1      | Reached XP level 2. HP: 21/22 MP: 2/2
   275 | D:1      | Found a faded altar of an unknown god.
   732 | D:1      | Reached XP level 3. HP: 27/27 MP: 3/3
   742 | D:1      | Reached skill level 1 in Polearms
  1608 | D:2      | Reached skill level 2 in Polearms
  1853 | D:2      | Reached XP level 4. HP: 33/33 MP: 4/4
  2130 | D:3      | Found a snail-covered altar of Cheibriados.
  2326 | D:3      | Noticed a phantom
  2404 | D:4      | Reached skill level 3 in Polearms
  2445 | D:4      | Reached XP level 5. HP: 13/38 MP: 5/5
  2672 | D:4      | You fall into a shaft and drop 1 floor!
  2672 | D:5      | Entered Level 5 of the Dungeon
  2732 | D:5      | Noticed an ogre
  2747 | D:5      | Reached skill level 4 in Polearms
  2756 | D:5      | Noticed an ogre
  2772 | D:5      | Killed an ogre
  2773 | D:5      | Reached skill level 5 in Polearms
  2773 | D:5      | Reached XP level 6. HP: 43/44 MP: 6/6
  2824 | D:5      | Killed an ogre
  2842 | D:4      | Noticed Pikel
  2953 | D:5      | Noticed an ice beast
  3107 | D:5      | Noticed a black bear
  3134 | D:5      | Killed a black bear
  3135 | D:5      | Reached skill level 6 in Polearms
  3135 | D:5      | Reached XP level 7. HP: 9/50 MP: 7/7
  3531 | D:5      | Slain by a hornet zombie

Illustrated notes

Levels and vault maps discovered:
D:1:      sevenhm_arrival_forest_fort_small_6, layout_loops_corners,
          shapermc_ecumenical_altar_mp_ritualfount
D:2:      minmay_spotlight, layout_basic
D:3:      layout_basic, slow_altar_2, mainiacjoe_overflow_alcove_2,
          moated_statue, minmay_strange_pillars, uniq_grinder
D:4:      layout_gridville, serial_shops, nicolae_shop_behind_doors, uniq_pikel
D:5:      layout_layer_cave
D:6:      wad_guarded_room, layout_basic, mainiacjoe_overflow_cross_hatched,
          old_standard_altar, minmay_temple_entry_enclosed_plants

Skill      XL: |  1  2  3  4  5  6 |
---------------+-------------------+-----
Short Blades   | 3 |  3.0
Polearms       | 2 3 5 6 |  6.7
Fighting       | |  2.0
Throwing       | |  2.0
Dodging        | |  1.0
Stealth        | |  4.0

Action                   |  1- 3 |  4- 6 |  7- 9 || total
-------------------------+-------+-------+-------++-------
Melee: Dagger            |    29 |       |       ||    29
       Spear             |    81 |   147 |    21 ||   249
Throw: Dart              |       |     3 |     3 ||     6
  Use: Scroll            |       |     3 |       ||     3
 Stab: Sleeping          |     9 |     5 |       ||    14
Armor: Robe              |     5 |       |       ||     5
       Leather armour    |    30 |       |       ||    30
       Ring mail         |     5 |    66 |     6 ||    77
Dodge: Dodged            |    59 |    72 |     5 ||   136
